 Dungeon Crawl Stone Soup version 0.27.1 (webtiles) character file.

Game seed: 162453983222461389

3 Descartes the Sneak (level 1, 0/10 HPs)
             Began as a Felid Delver on Aug 31, 2021.
             Succumbed to an adder's poison
             ... on level 4 of the Dungeon.
             The game lasted 00:01:10 (228 turns).

Descartes the Sneak (Felid Delver)                   Turns: 228, Time: 00:01:10

Health: 0/10       AC:  1    Str:  8    XL:     1   Next: 41%
Magic:  2/2        EV: 17    Int: 11    God:
Gold:   15         SH:  0    Dex: 17    Spells: 0/0 levels left
                                        Lives:  0   Deaths: 0

rFire    . . .     SeeInvis +     - Unarmed
rCold    . . .     Faith    .   (shield unavailable)
rNeg     . . .     Spirit   .   (armour unavailable)
rPois    .         Reflect  .   (helmet unavailable)
rElec    .         Harm     .   (cloak unavailable)
rCorr    .         Rampage  .   (gloves unavailable)
Will     .....                  (boots unavailable)
Stlth    ++++......             (no amulet)
HPRegen  0.03/turn              f - ring of flight
MPRegen  0.08/turn              (no ring)

@: lethally poisoned (0 -> -1), flying, hasted, very quick
A: very small, claws 1, fangs 3, see invisible, speed 1, shaggy fur 1, stealthy
paws, no weapons or thrown items, no armour, multi-lived
a: no special abilities


You were on level 4 of the Dungeon.
You visited 1 branch of the dungeon, and saw 2 of its levels.

You collected 15 gold pieces.

Inventory:

Jewellery
 f - a ring of flight (left paw)
Wands
 e - a wand of digging (3)
Scrolls
 a - a scroll of fog
 b - a scroll of magic mapping
 c - a scroll of fear
 g - 2 scrolls of teleportation {unknown}
 h - a scroll of enchant weapon {unknown}


   Skills:
 - Level 3.0 Fighting
 - Level 2.6 Dodging
 + Level 6.8 Stealth
 - Level 2.0 Unarmed Combat


You couldn't memorise any spells.
You didn't know any spells.
Your spell library was empty.

Dungeon Overview and Level Annotations

Branches:
Dungeon (5/15)
 Temple: D:4-7

Altars:
Ashenzari
Fedhas
Kikubaaqudgha
Zin


Innate Abilities, Weirdness & Mutations

You have sharp claws.
You have razor-sharp teeth.
You have supernaturally acute eyesight. (SInv)
You cover ground quickly. (Speed+)
You are covered in fur. (AC +1)
Your paws help you pounce on unaware monsters.
You are incapable of wielding weapons or throwing items.
You cannot wear armour.
You gain extra lives every three experience levels.


Message History

The giant cockroach closely misses you.
You barely miss the giant cockroach.
The giant cockroach is heavily wounded.
The giant cockroach misses you.
You scratch the giant cockroach.
You kill the giant cockroach!
You see here 4 curare-tipped darts.
You start resting.
HP restored.
There is a stone staircase leading up here.
You fly upwards.
You hear the sound of rushing water.
There is an entrance to a sewer on this level.
Hurry and find it before the portal rusts away!
You hear the slow rusting of a very distant drain.
The adder completely misses you. The adder bites you.
There is a stone staircase leading down here.
You scratch the adder. You bite the adder, but do no damage.
The adder is moderately wounded.
The adder closely misses you. The adder bites you.
You are poisoned.
The adder poisons you!
You miss the adder.
The adder is moderately wounded.
You feel sick. The adder misses you.
You feel yourself speed up.
You feel sick. The adder closely misses you.
You scratch the adder. You bite the adder.
The adder is heavily wounded.
* * * LOW HITPOINT WARNING * * *
You feel sick. The adder misses you.
You closely miss the adder.
The adder is heavily wounded.
* * * LOW HITPOINT WARNING * * *
You feel sick. The adder bites you.
* * * LOW HITPOINT WARNING * * *
You closely miss the adder.
The adder is heavily wounded.
The adder closely misses you.
You scratch the adder but do no damage.
The adder is heavily wounded.
You die...

####### #####
##.....##.....
##.............
#......S.......
#......@.......
#..............
#..............
#########..............
#......................
#.##.#.###.............
#...............##.....
#..###._.###..### #.###
#....#...#....# ..#


You could see an adder.

Vanquished Creatures
  An orc (D:4)
  A giant cockroach (D:5)
2 creatures vanquished.

Vanquished Creatures (others)
  4 plants (D:5)
4 creatures vanquished.

Grand Total: 6 creatures vanquished

Notes
Turn   | Place    | Note
-------+----------+-------------------------------------------
     0 | D:5      | Descartes the Felid Delver began the quest for the Orb.
     0 | D:5      | Reached XP level 1. HP: 10/10 MP: 2/2
     8 | D:5      | Found an ancient bone altar of Kikubaaqudgha.
    11 | D:5      | Noticed a sky beast
    17 | D:5      | Found a glowing silver altar of Zin.
    31 | D:5      | Noticed an ice beast
    44 | D:4      | Found a broken altar of Ashenzari.
    63 | D:4      | Found a blossoming altar of Fedhas.
   228 | D:4      | Succumbed to an adder's poison

Illustrated notes

Levels and vault maps discovered:
D:4:      layout_rooms, mainiacjoe_overflow_large_starburst,
          portal_sewer_entry_f, hangedman_decor_riveting, uniq_edmund
D:5:      minmay_thick_lines, layout_basic, mainiacjoe_overflow_cross_hatched,
          mainiacjoe_overflow_catch_the_wave,
          minmay_temple_entry_gardened_gates, uniq_sigmund

Action                   || total
-------------------------++-------
Melee: Unarmed           ||    15
       Bite              ||     3
  Use: Potion            ||     1
 Stab: Sleeping          ||     1
Dodge: Dodged            ||    14
